 Dungeon Crawl Stone Soup version 0.31-a0-1522-g43313d8a59 (webtiles) character file.

Game seed: 8598482034411606078

28 AstroCodex24 the Shield-Bearer (level 2, -7/23 HPs)
             Began as a Vampire Fighter on Dec 31, 2023.
             Mangled by an ogre
             ... wielding a +0 giant club
              (13 damage)
             ... on level 3 of the Dungeon.
             The game lasted 00:02:00 (380 turns).

AstroCodex24 the Shield-Bearer (Vampire Fighter)     Turns: 380, Time: 00:02:01

Health: -7/23      AC:  6    Str: 15    XL:     2   Next: 96%
Magic:  2/2        EV:  8    Int: 10    God:
Gold:   27         SH:  4    Dex: 13    Spells: 1/1 levels left

rFire   . . .        a - +0 war axe
rCold   . . .        c - +0 buckler
rNeg    . . .        b - +0 scale mail
rPois   .            (no helmet)
rElec   .            (no cloak)
rCorr   .            (no gloves)
SInv    +            (no boots)
Will    .....        (no amulet) Stlth
                     (no ring)
HPRegen 0.43/turn    (no ring)
MPRegen 0.08/turn

%: no passive effects
@: healing quickly
A: alive, fangs 3, see invisible, vampiric 1
a: Exsanguinate


You were on level 3 of the Dungeon.
You visited 1 branch of the dungeon, and saw 4 of its levels.

You collected 27 gold pieces.

Inventory:

Hand Weapons
 a - a +0 war axe (weapon)
Armour
 b - a +0 scale mail (worn)
 c - a +0 buckler (worn)
Scrolls
 f - a scroll of vulnerability {unknown}
 g - a scroll of amnesia {unknown}
 i - a scroll of fog {unknown}
 j - a scroll of fear {unknown}
Potions
 d - a potion of might
 e - 2 potions of magic {unknown}
 h - a potion of ambrosia {unknown}


   Skills:
 + Level 2.8 Fighting
 + Level 2.1 Axes
 + Level 2.6 Armour
 + Level 0.3 Dodging
 + Level 3.2 Shields


You had one spell level left.
You didn't know any spells.
Your spell library was empty.

Dungeon Overview and Level Annotations

Branches:
Dungeon (4/15)
 Temple: D:4-7

Altars:


Innate Abilities, Weirdness & Mutations

Your natural rate of healing is accelerated.
You have razor-sharp teeth.
You have supernaturally acute eyesight. (SInv)
You are afflicted with vampirism.


Message History

There is a stone staircase leading up here.
You climb upwards.
There is a stone staircase leading down here.
You climb downwards.
The endoplasm quivers.
The endoplasm hits you but does no damage.
The ogre barely misses you. The ball python bites you.
The ball python grabs you. The ball python constricts you.
There is a stone staircase leading up here.
You escape the ball python's grasp.
The endoplasm barely misses you. You block the ogre's attack.
You climb upwards.
There is a stone staircase leading down here.
You slash the ogre!
The ogre is moderately wounded.
You hit the endoplasm. You closely miss the ball python.
The ball python barely misses you. You block the ball python's attack.
The endoplasm freezes you.
You are frozen.
The ball python closely misses you. The ball python completely misses you.
You slash the ogre!
The ogre is heavily wounded.
You barely miss the endoplasm. You closely miss the ball python.
The ogre hits you with a +0 giant club!
Ouch! That really hurt!
* * * LOW HITPOINT WARNING * * *
You block the endoplasm's attack.
The ball python bites you but does no damage.
The ball python grabs you. The ball python constricts you.
The endoplasm jiggles.
The endoplasm hits you but does no damage.
The ball python bites you but does no damage.
The ball python constricts you.
You slash the ogre!
The ogre is almost dead.
You hit the endoplasm but do no damage. You slash the ball python!
You kill the ball python!
The ogre hits you with a +0 giant club!
Ouch! That really hurt!
You die...

....# ....# ##....#
..#.#.# #
#####.#.#.##
#.#..<#.#.#..#
#####.#.....#.#†.#
................@#
###...).....#.OJ..#
########..#..##.#
$.#...... ..
..#.#...##. .# ....
..#..# .#.. ...
#...#... . . ...
#....#..


You could see an ogre and an endoplasm.

Vanquished Creatures
  A dart slug (D:1)
  2 ribbon worms (D:2)
  An orc (D:3)
  2 ball pythons
  2 bats (D:2)
  2 endoplasms
  A giant cockroach (D:1)
  2 goblins
  A hobgoblin (D:2)
  2 kobolds
  A frilled lizard (D:2)
  4 rats
21 creatures vanquished.

Notes
Turn   | Place    | Note
-------+----------+-------------------------------------------
     0 | D:1      | AstroCodex24 the Vampire Fighter began the quest for the
                  | Orb.
     0 | D:1      | Reached XP level 1. HP: 17/17 MP: 1/1
   108 | D:1      | Reached XP level 2. HP: 18/23 MP: 2/2
   111 | D:1      | Reached skill level 3 in Shields
   371 | D:4      | Noticed a bombardier beetle
   371 | D:4      | Noticed an ogre
   380 | D:3      | Mangled by an ogre

Illustrated notes

Levels and vault maps discovered:
D:1:      scummos_arrival_hexagon, layout_basic, serial_shops, shop,
          chequers_serial_rivers_marsh, dk_noncrumbling_4,
          wander_ebering_terrifying_dragon_lair
D:2:      layout_loops_cross, minmay_tetromino_l2
D:3:      layout_basic, minivault_26
D:4:      wander_river, layout_cave_pools, worldfamousw_hep_ancestral_shrine,
          nicolae_overflow_two_pavilions, serial_shops,
          nicolae_shop_bloodbath_and_beyond

Skill      XL: |  1  2 |
---------------+-------+-----
Axes           | 2 |  2.1
Shields        | 3 |  3.2
Fighting       | |  2.8
Armour         | |  2.6
Dodging        | |  0.3

Action                     || total
---------------------------++-------
  Melee: War axe           ||    44
         Bite              ||     5
 Armour: Scale mail        ||    61
  Dodge: Dodged            ||    52
  Block: Buckler           ||    21

Table legend: (Time is in decaauts)
 A = Elapsed time spent in this place.
 B = Non-inter-level travel time spent in this place.
 C = Inter-level travel time spent in this place.
 D = Time resting spent in this place.
 E = Time spent auto-exploring this place.
 F = Levels seen in this place.
 G = Mean time per level.
                   A        B        C        D        E       F      G
               +--------+--------+--------+--------+--------+-----+--------+
         Total |    399 |    394 |      5 |      0 |      0 |   4 |   99.8 |
       Dungeon |    399 |    394 |      5 |      0 |      0 |   4 |   99.8 |
               +--------+--------+--------+--------+--------+-----+--------+

Top non-repeatable levels by time:
     D:2: 237 daAuts
     D:1: 130 daAuts
     D:3: 27 daAuts
     D:4: 4 daAuts
